 Dungeon Crawl Stone Soup version 0.20.1-1-g8b1a95d (webtiles) character file.

201 Irenicus the Slasher (level 5, -1/36 HPs)
             Began as an Octopode Chaos Knight on Oct 13, 2017.
             Slain by an orc wizard
             ... wielding a +0 dagger
              (5 damage)
             ... on level 4 of the Dungeon.
             The game lasted 00:05:59 (2558 turns).

Irenicus the Slasher (Octopode Chaos Knight)        Turns: 2558, Time: 00:06:00

Health: -1/36      AC:  1    Str:  8 (11) XL:     5   Next: 79%
Magic:  5/5        EV: 13    Int: 11 (14) God:    Xom [......]
Gold:   152        SH:  0    Dex: 10 (11) Spells: 4/4 levels left

rFire    . . .     SeeInvis .   a - +0 falchion (chaos)
rCold    . . .     Gourm    .   (no shield)
rNeg     . . .     Faith    +   (helmet restricted)
rPois    +         Spirit   .   o - amulet of faith
rElec    .         Reflect  .   q - ring of teleportation (curse)
rCorr    .         Harm     .   (no ring)
MR       .....     Rnd*Tele +   (no ring)
Stlth    ++........             (no ring)
Regen    0.2/turn               (no ring)
MPRegen  0.1/turn               (no ring)
                                (no ring)
                                (no ring)

@: no status effects
A: almost no armour, stealthy swim, amphibious, 8 rings, constrict 8, camouflage
1, clumsy 1, mutation resistance 1, poison resistance, gelatinous body 1
a: Renounce Religion


You were on level 4 of the Dungeon.
You worshipped Xom.
You were a very special plaything of Xom.
You were very full.

You visited 1 branch of the dungeon, and saw 4 of its levels.

You collected 152 gold pieces.

Inventory:

Hand Weapons
 a - a +0 falchion of chaos (weapon)
Armour
 m - a +0 buckler
Jewellery
 j - an uncursed amulet of the gourmand
 o - an amulet of faith (around mantle)
 q - a cursed ring of teleportation (left tentacle)
Wands
 e - a wand of flame (19/48)
 h - a wand of random effects (25/48)
 n - a wand of lightning (9/15)
Scrolls
 c - 6 scrolls of identify {unknown}
 d - 3 scrolls of enchant armour {unknown}
 i - 3 scrolls of amnesia {unknown}
 k - a scroll of remove curse {unknown}
 l - 2 scrolls of noise {unknown}
 s - a scroll of teleportation {unknown}
Potions
 r - a potion of degeneration
Comestibles
 b - 3 bread rations
 f - 2 meat rations
 g - a royal jelly


   Skills:
 - Level 3.0 Fighting
 + Level 6.3 Long Blades
 - Level 2.3 Dodging


You had 4 spell levels left.
You didn't know any spells.

Dungeon Overview and Level Annotations

Branches:
Dungeon (4/15)
 Temple: D:4-7

Altars:

Annotations:
D:3 vatarom's ghost, amateur DrCK
D:4 bartek7090's ghost, amateur DrBe


Innate Abilities, Weirdness & Mutations

You cannot wear most types of armour.
You are very stealthy in the water. (Stealth+)
You are amphibious.
You can wear up to eight rings at the same time.
You can use your tentacles to constrict eight enemies at once.
Your skin changes colour to match your surroundings (Stealth+).
Your rubbery body absorbs attacks. (AC +1, EV +1)
You are clumsy. (Dex -2)
You are somewhat resistant to further mutation.
Your system is resistant to poisons. (rPois)


Message History

You feel weakened.
You feel dopey.
You feel clumsy.
Xom thinks this is hilarious!
You constrict the orc wizard. x2
Xom's power touches on a nearby monster.
The giant cockroach changes into a goblin!
The orc wizard barely misses you. x3; You riposte.
You hit the orc wizard.
The orc wizard's magic leaks into the air.
You squeeze the orc wizard.
The orc wizard is severely wounded.
Okay, then.
You hit the orc wizard but do no damage.
You squeeze the orc wizard.
The orc wizard is severely wounded.
You constrict the orc wizard.
You kill the orc wizard!
You constrict the orc wizard. The phantom hits you.
* * * LOW HITPOINT WARNING * * *
The orc wizard hits you with a dagger.
You die...
Xom is highly amused!

............†.......
....................
#..........####....
#..........####....
#..........#.......
#..................
####..)...............
#....................#
#....@)............###
#.>.Woo............###
#...).................
#....g.............###
#..........#######.# #
#..........# ##.###
#$........... #.....
#............ ##.....
###.......... #....##


You could see a phantom, an orc priest, an orc wizard and a goblin shaped
shifter.

Vanquished Creatures
  An orc wizard (D:4)
  An iguana (D:3)
  3 adders
  2 gnolls (D:2)
  3 dart slugs
  4 worms
  2 orcs (D:4)
  3 ball pythons
  8 bats
  4 giant cockroaches
  6 goblins (D:1)
  8 hobgoblins
  13 jackals
  2 quokkas (D:2)
  9 frilled lizards
  4 kobolds
  A kobold (shapeshifter) (D:2)
  A quokka skeleton (D:4)
  9 rats
84 creatures vanquished.

Notes
Turn   | Place    | Note
-------+----------+-------------------------------------------
     0 | D:1      | Irenicus the Octopode Chaos Knight began the quest for the Orb.
     0 | D:1      | Reached XP level 1. HP: 16/16 MP: 1/1
    24 | D:1      | Reached XP level 2. HP: 8/21 MP: 2/2
   233 | D:1      | XOM: harmless Chrm miscast
   293 | D:1      | Reached skill level 4 in Long Blades
   366 | D:1      | Reached XP level 3. HP: 21/26 MP: 3/3
   419 | D:1      | XOM: divination: magic mapping
   714 | D:2      | Xom revived you
   924 | D:2      | Gained mutation: Your system is resistant to poisons. (rPois) [mutagenic meat]
   925 | D:2      | Gained mutation: You are clumsy. (Dex -2) [mutagenic meat]
   927 | D:2      | Gained mutation: You are somewhat resistant to further mutation. [mutagenic meat]
  1017 | D:2      | Reached XP level 4. HP: 17/31 MP: 4/4
  1192 | D:2      | XOM: god gift: long brass wand {god gift}
  1366 | D:2      | Reached skill level 5 in Long Blades
  1642 | D:2      | XOM: harmless Hex miscast
  1844 | D:3      | XOM: divination: magic mapping
  1968 | D:3      | Noticed vatarom's ghost (amateur DrCK)
  1970 | D:3      | XOM: divination: detect items
  1980 | D:3      | XOM: cast spell 'Summon Butterflies'
  1988 | D:3      | XOM: potion effect (heal wounds)
  2076 | D:3      | XOM: harmless Necr miscast
  2189 | D:3      | Reached XP level 5. HP: 36/36 MP: 5/5
  2195 | D:3      | XOM: mild Tmut miscast
  2343 | D:4      | Noticed bartek7090's ghost (amateur DrBe)
  2533 | D:4      | Reached skill level 6 in Long Blades
  2540 | D:4      | Noticed a phantom
  2557 | D:4      | XOM: polymorph giant cockroach -> goblin
  2558 | D:4      | Slain by an orc wizard

Skill      XL: |  1  2  3  4  5 |
---------------+----------------+-----
Long Blades    | 4 5 6 |  6.3
Fighting       | |  3.0
Dodging        | |  2.3

Action                   |  1- 3 |  4- 6 || total
-------------------------+-------+-------++-------
Melee: Falchion          |    57 |    92 ||   149
       Constrict         |    18 |    36 ||    54
       Tentacles         |     3 |    24 ||    27
Evoke: Wand              |       |     1 ||     1
  Use: Potion            |     1 |     2 ||     3
 Stab: Sleeping          |     3 |     7 ||    10
  Eat: Chunk             |     3 |    17 ||    20
Armor: Skin              |     5 |     6 ||    11
Dodge: Dodged            |    34 |    75 ||   109
       Rpst.: Falchion   |    11 |    27 ||    38
